 Dungeon Crawl Stone Soup version 0.27.1-4-g1640c2035a (webtiles) character file.

Game seed: 398308626476548509

560 bellerephron the Chopper (level 7, -7/53 HPs)
             Began as a Demonspawn Berserker on Nov 5, 2021.
             Was a Priest of Trog.
             Killed by nerve-wracking pain
             ... invoked by an orc priest
              (14 damage)
             ... on level 5 of the Dungeon on Nov 6, 2021.
             The game lasted 00:11:00 (4460 turns).

bellerephron the Chopper (Demonspawn Berserker)     Turns: 4460, Time: 00:11:01

Health: -7/53      AC: 11    Str: 19    XL:     7   Next: 9%
Magic:  7/7        EV:  8    Int:  9    God:    Trog [***...]
Gold:   90         SH:  4    Dex: 12    Spells: 6/6 levels left

rFire    + . .     SeeInvis .   h - +0 war axe
rCold    + . .     Faith    +   (no shield)
rNeg     . . .     Spirit   .   b - +0 chain mail
rPois    +         Reflect  .   c - +0 helmet
rElec    .         Harm     .   p - scarf {rC+ rF+}
rCorr    .         Rampage  .   q - +0 pair of gloves
Will     .....                  (no boots)
Stlth    ..........             i - amulet of faith
HPRegen  0.17/turn              s - ring of poison resistance
MPRegen  0.10/turn              (no ring)

@: on berserk cooldown, slowed, very slow
A: large bone plates 1, icemail 1, condensation shield
a: Renounce Religion, Berserk, Trog's Hand


You were on level 5 of the Dungeon.
You worshipped Trog.
Trog was most pleased with you.
You visited 1 branch of the dungeon, and saw 5 of its levels.

You collected 160 gold pieces.
You spent 70 gold pieces at shops.

Inventory:

Hand Weapons
 a - a +0 hand axe
 h - a +0 war axe (weapon)
 k - a +0 spear of flaming
 l - a +1 vampiric halberd
 o - a +1 spear of freezing
Missiles
 f - 195 stones
 g - 3 silver boomerangs
 j - a boomerang (quivered)
Armour
 b - a +0 chain mail (worn)
 c - a +0 helmet (worn)
 p - a scarf of resistance (worn)
 q - a +0 pair of gloves (worn)
Jewellery
 d - a ring of fire
 i - an amulet of faith (around neck)
 s - a ring of poison resistance (left hand)
Wands
 w - a wand of flame (8)
Scrolls
 e - 3 scrolls of teleportation
 n - a scroll of enchant weapon {unknown}
Potions
 m - a potion of berserk rage
 r - a potion of flight
 t - a potion of ambrosia
 u - 3 potions of heal wounds
 v - a potion of cancellation {unknown}
 x - a potion of mutation {unknown}


   Skills:
 + Level 3.8 Fighting
 * Level 6.0 Axes
 + Level 0.4 Throwing
 + Level 3.3 Armour
 + Level 2.2 Dodging
 + Level 1.1 Shields


You had 6 spell levels left.
You didn't know any spells.
Your spell library was empty.

Dungeon Overview and Level Annotations

Branches:
Dungeon (5/15)
 Temple: D:4-7

Altars:
Nemelex Xobeh

Shops:
D:4 ?

Annotations:
D:5 Grinder


Innate Abilities, Weirdness & Mutations

You are partially covered in large bone plates. (SH +4)
A meltable icy envelope protects you from harm. (AC +0)
A meltable shield of frost defends you. (SH +0)


Message History

You kill the orc warrior!
Trog accepts your kill.
Your Axes skill increases to level 6!
You have reached level 7!
You block the orc priest's attack.
Things that are here:
a +0 vampiric hand axe; a +0 chain mail; an orc corpse You closely miss the orc priest.
The orc priest hits you but does no damage.
You closely miss the orc priest.
You are no longer berserk.
You are exhausted.
You feel yourself slow down.
The orc priest hits you but does no damage.
Grinder rolls her eyes.
Grinder gestures at you. You resist with almost no effort.
Unknown command.
You hit the orc priest.
The orc priest is heavily wounded.
Your skin stops crawling.
You feel less strong-willed.
The orc priest hits you but does no damage.
The orc priest completely misses you.
You completely miss Grinder.
Grinder is severely wounded.
You closely miss the orc priest. Grinder hits you but does no damage.
The orc priest hits you but does no damage.
Grinder gestures at you. You resist with significant effort.
Unknown command.
Unknown command.
You closely miss Grinder.
Grinder is severely wounded.
You hit the orc priest. The orc priest barely misses you.
Grinder gestures at you. Pain shoots through your body!
* * * LOW HITPOINT WARNING * * *
The orc priest calls down the wrath of Beogh upon you.
Pain shoots through your body!
You die...

...##.......#.##.#.# #.#
.....#'####.#.##.#.# #.#
.....#.####.#.##.#.# #.#
.....#.#......##.#.# #.#
.....#.#.##.####.#.######.#
.....#.#.##...............#
.........##.####.#.########
##+#.#.#########....# #.#.#
......5@#).# # #..
......o......# ...
...........#.#
..........#.#.#..#
......##..........#
#.##.....#...#.#..# .....
#.#.#..# ... . ... .#


You could see Grinder and an orc priest.

Vanquished Creatures
  An orc warrior (D:5)
  A necrophage (D:5)
  A phantom (D:5)
  A bullfrog zombie (D:5)
  An orc priest (D:5)
  A gnoll shaman (D:5)
  Ijyb (D:5)
  7 adders
  5 gnolls (D:5)
  3 adder skeletons
  A dart slug (D:1)
  3 orcs (D:4)
  5 endoplasms
  2 giant cockroaches
  6 goblins
  6 hobgoblins
  3 quokkas
  8 ball pythons
  2 bats (D:1)
  2 frilled lizards (D:1)
  8 kobolds
  A quokka skeleton (D:4)
  3 rats
72 creatures vanquished.

Notes
Turn   | Place    | Note
-------+----------+-------------------------------------------
     0 | D:1      | bellerephron the Demonspawn Berserker began the quest for
                  | the Orb.
     0 | D:1      | Reached XP level 1. HP: 18/18 MP: 1/1
    71 | D:1      | You fall into a shaft and drop 1 floor!
   313 | D:1      | Reached skill level 3 in Axes
   438 | D:1      | Gained mutation: A meltable shield of frost defends you.
                  | (SH +0) [demonic ancestry]
   438 | D:1      | Reached XP level 2. HP: 11/24 MP: 2/2
  1435 | D:2      | Reached ** piety under Trog
  1799 | D:3      | Gained mutation: You are partially covered in large bone
                  | plates. (SH +4) [demonic ancestry]
  1799 | D:3      | Reached XP level 3. HP: 28/29 MP: 3/3
  2086 | D:3      | Reached XP level 4. HP: 33/35 MP: 4/4
  2258 | D:3      | Reached skill level 4 in Axes
  2387 | D:3      | Found a faded altar of an unknown god.
  2942 | D:4      | Found Husikh's Magic Scroll Emporium.
  2946 | D:4      | Bought a scroll of teleportation for 42 gold pieces
  2946 | D:4      | Bought a scroll of identify for 28 gold pieces
  3556 | D:4      | Found a sparkling altar of Nemelex Xobeh.
  3827 | D:5      | Entered Level 5 of the Dungeon
  3838 | D:5      | Reached *** piety under Trog
  3839 | D:5      | Gained mutation: A meltable icy envelope protects you from
                  | harm. (AC +0) [demonic ancestry]
  3839 | D:5      | Reached XP level 5. HP: 38/41 MP: 5/5
  4087 | D:5      | Noticed a necrophage
  4095 | D:5      | Killed a necrophage
  4096 | D:5      | Reached skill level 5 in Axes
  4096 | D:5      | Reached XP level 6. HP: 47/47 MP: 6/6
  4186 | D:5      | Noticed Ijyb
  4198 | D:5      | Reached skill level 1 in Shields
  4206 | D:5      | Killed Ijyb
  4436 | D:5      | Noticed Grinder
  4437 | D:5      | Noticed an orc warrior
  4454 | D:5      | Killed an orc warrior
  4455 | D:5      | Reached skill level 6 in Axes
  4455 | D:5      | Reached XP level 7. HP: 24/53 MP: 7/7
  4460 | D:5      | Killed from afar by an orc priest

Illustrated notes

Levels and vault maps discovered:
D:1:      giann_wishing_wells, layout_basic
D:2:      layout_rooms
D:3:      layout_basic, basic_ecumenical_altar
D:4:      layout_basic, kennysheep_mini_moat, serial_shops, nicolae_shop_crystal
D:5:      layout_basic, temple_green, dk_noncrumbling_2, serial_bayou_lagoon_b,
          uniq_ijyb, uniq_grinder

Skill      XL: |  1  2  3  4  5  6 |
---------------+-------------------+-----
Axes           | 3 4 5 6 |  6.0
Armour         | 2 3 |  3.3
Dodging        | 2 |  2.2
Shields        | 1 |  1.1
Fighting       | |  3.8
Throwing       | |  0.4

Action                   |  1- 3 |  4- 6 |  7- 9 || total
-------------------------+-------+-------+-------++-------
Melee: Hand axe          |   112 |    88 |       ||   200
       War axe           |       |    63 |     5 ||    68
Throw: Boomerang         |       |     5 |       ||     5
Invok: Berserk           |     1 |     6 |       ||     7
       Trog's Hand       |       |     1 |       ||     1
  Use: Scroll            |       |     7 |       ||     7
Armor: Animal skin       |     9 |       |       ||     9
       Scale mail        |    39 |    15 |       ||    54
       Chain mail        |       |    58 |     5 ||    63
Dodge: Dodged            |    48 |    45 |     2 ||    95
Block: Other             |    25 |    51 |     1 ||    77
